[Event "ICC tourney 2284 (60 10)"]
[Site "Internet Chess Club"]
[Date "2021.01.09"]
[Round "1"]
[White "SAHYMS-Subi"]
[Black "jebele123"]
[Result "0-1"]
[ICCResult "White checkmated"]
[WhiteElo "1156"]
[BlackElo "1559"]
[Opening "English opening"]
[ECO "A21"]
[NIC "EO.22"]
[Time "10:05:23"]
[PlyCount "24"]
[TimeControl "3600+10"]

1. c4 e5 2. Nc3 d6 3. g3 Nf6 4. Bg2 c6 5. e3 Be6 6. b3 d5 7. d3 Bb4 8. Bd2
Bg4 9. Nge2 dxc4 10. bxc4 Qxd3 11. Qc1 Bxc3 12. Bxc3 Qxe2# { White
checkmated } 0-1

[Event "ICC tourney 2284 (60 10)"]
[Site "Internet Chess Club"]
[Date "2021.01.09"]
[Round "1"]
[White "avaosmond"]
[Black "madscience08"]
[Result "0-1"]
[ICCResult "White checkmated"]
[WhiteElo "1258"]
[BlackElo "1604"]
[Opening "Sicilian: Alapin's variation (2.c3)"]
[ECO "B22"]
[NIC "SI.47"]
[Time "10:05:17"]
[PlyCount "90"]
[TimeControl "3600+10"]

1. e4 c5 2. c3 Nf6 3. e5 Nd5 4. d4 cxd4 5. cxd4 Nc6 6. Nc3 Nxc3 7. bxc3 d6
8. Nf3 e6 9. Bb5 Bd7 10. O-O dxe5 11. dxe5 Nxe5 12. Nxe5 Bxb5 13. Qxd8+
Rxd8 14. Re1 Be7 15. Bf4 O-O 16. Re3 Rd5 17. c4 Rd4 18. cxb5 Rxf4 19. a4
Bc5 20. Rd3 Bd4 21. Re1 Bxf2+ 22. Kh1 Bxe1 23. g3 Rf5 24. Nc4 Rd5 25. Ra3
Rfd8 26. a5 Bb4 27. Ra1 Rd1+ 28. Rxd1 Rxd1+ 29. Kg2 Ra1 30. b6 axb6 31.
axb6 Bc5 32. Kf3 Rc1 33. Na5 Bxb6 34. Nxb7 Rf1+ 35. Kg2 Rf2+ 36. Kh3 e5 37.
Nd6 Bc7 38. Ne4 Re2 39. Nc3 Re1 40. Kg4 e4 41. Nd5 Bb8 42. h4 g6 43. Nf6+
Kg7 44. Nd5 f5+ 45. Kg5 h6# { White checkmated } 0-1

[Event "ICC tourney 2284 (60 10)"]
[Site "Internet Chess Club"]
[Date "2021.01.09"]
[Round "1"]
[White "ningningwang"]
[Black "SAHYmilana"]
[Result "1-0"]
[ICCResult "Black checkmated"]
[WhiteElo "1798"]
[BlackElo "1372"]
[Opening "Scotch: Schmidt variation"]
[ECO "C45"]
[NIC "SO.04"]
[Time "10:05:32"]
[PlyCount "43"]
[TimeControl "3600+10"]

1. e4 e5 2. Nf3 Nc6 3. d4 exd4 4. Nxd4 Nf6 5. Nc3 Bb4 6. Nxc6 bxc6 7. Bd3
O-O 8. O-O d5 9. exd5 cxd5 10. h3 Qd6 11. a3 Bc5 12. Re1 Qg3 13. Be3 Bxe3
14. Rxe3 Qg5 15. Rg3 Qe5 16. Qd2 h6 17. Re1 Qd6 18. Nb5 Qb6 19. Qxh6 g6 20.
Bxg6 fxg6 21. Qxg6+ Kh8 22. Qg7# { Black checkmated } 1-0

[Event "ICC tourney 2284 (60 10)"]
[Site "Internet Chess Club"]
[Date "2021.01.09"]
[Round "1"]
[White "K624"]
[Black "chessisthebest1"]
[Result "0-1"]
[ICCResult "White checkmated"]
[WhiteElo "1378"]
[BlackElo "1812"]
[Opening "Sicilian: closed"]
[ECO "B24"]
[NIC "SI.44"]
[Time "10:05:25"]
[PlyCount "86"]
[TimeControl "3600+10"]

1. e4 c5 2. Nc3 Nc6 3. g3 g6 4. Bg2 Bg7 5. Nge2 e6 6. O-O Nge7 7. d3 O-O 8.
Bf4 Nd4 9. Re1 Nec6 10. Be3 d6 11. Qc1 a6 12. Nd1 Rb8 13. Nf4 Ne5 14. Bxd4
cxd4 15. Ne2 Nd7 16. Rf1 b6 17. Nf4 Bb7 18. c3 Rc8 19. Qd2 Qe7 20. Ne2 dxc3
21. Ndxc3 b5 22. Rac1 Nb6 23. Qe3 Nd7 24. Rfd1 b4 25. Na4 Bc6 26. b3 Bxa4
27. bxa4 Nc5 28. Qd2 a5 29. Qc2 Qd7 30. Qb3 Nxb3 31. axb3 Rxc1 32. Rxc1 Rc8
33. Rb1 Rc2 34. Kf1 Rb2 35. Rxb2 Bxb2 36. Ke1 Bc3+ 37. Kd1 d5 38. Kc2 dxe4
39. dxe4 Bg7 40. Bf3 Qc6+ 41. Kb1 Qc5 42. Nc1 Qxf2 43. Bg4 Qb2# { White
checkmated } 0-1

[Event "ICC tourney 2284 (60 10)"]
[Site "Internet Chess Club"]
[Date "2021.01.09"]
[Round "1"]
[White "HallieKopel"]
[Black "Blue-Elephant1"]
[Result "0-1"]
[ICCResult "White resigns"]
[WhiteElo "1446"]
[BlackElo "2120"]
[Opening "Queen's pawn, Mason variation"]
[ECO "D00"]
[NIC "QP.08"]
[Time "10:05:14"]
[PlyCount "54"]
[TimeControl "3600+10"]

1. d4 d5 2. Bf4 Nf6 3. e3 Bf5 4. c4 e6 5. Nc3 c6 6. Qb3 Qc8 7. Nf3 Nbd7 8.
Ne5 Nxe5 9. dxe5 Nd7 10. Be2 Nc5 11. Qd1 Be7 12. O-O O-O 13. Bf3 Rd8 14.
cxd5 exd5 15. b4 Nd3 16. a3 d4 17. Ne2 dxe3 18. Qb3 Be6 19. Qc3 exf2+ 20.
Kh1 Bg4 21. Bg3 Bxf3 22. gxf3 Qf5 23. Kg2 c5 24. b5 Bg5 25. Rad1 Ne1+ 26.
Kxf2 Rxd1 27. Rxe1 Bd2 { White resigns } 0-1

[Event "ICC tourney 2284 (60 10)"]
[Site "Internet Chess Club"]
[Date "2021.01.09"]
[Round "1"]
[White "EChessPlayer"]
[Black "greenme"]
[Result "0-1"]
[ICCResult "White checkmated"]
[WhiteElo "1063"]
[BlackElo "1519"]
[Opening "Ruy Lopez: 5.O-O"]
[ECO "C78"]
[NIC "RL.12"]
[Time "10:05:07"]
[PlyCount "88"]
[TimeControl "3600+10"]

1. e4 e5 2. Nf3 Nc6 3. Bb5 a6 4. Ba4 Nf6 5. O-O b5 6. Bb3 Bc5 7. Nxe5 Nxe5
8. d4 Bxd4 9. Qxd4 Nc6 10. Qd1 h6 11. Re1 d6 12. Bd5 Qd7 13. Nc3 O-O 14.
Bb3 Bb7 15. Nd5 Qd8 16. Bf4 Re8 17. f3 Na5 18. Nxf6+ Qxf6 19. Bg3 Rac8 20.
a3 Nxb3 21. cxb3 Qxb2 22. Qb1 Qf6 23. Qd1 Qg6 24. Qd4 Red8 25. e5 c5 26.
Qc3 d5 27. Re2 d4 28. Qe1 Bd5 29. Rb2 c4 30. bxc4 bxc4 31. Rb4 d3 32. Qe3
c3 33. Rg4 Qh7 34. Rd4 d2 35. Qe2 Bb3 36. Rxd8+ Rxd8 37. e6 d1=Q+ 38. Rxd1
Rxd1+ 39. Kf2 Rd2 40. Qxd2 cxd2 41. Ke2 d1=Q+ 42. Ke3 Qhd3+ 43. Kf4 Qd4+
44. Kf5 g6# { White checkmated } 0-1

[Event "ICC tourney 2284 (60 10)"]
[Site "Internet Chess Club"]
[Date "2021.01.09"]
[Round "1"]
[White "Blacknight101"]
[Black "IcePotato"]
[Result "1-0"]
[ICCResult "Black checkmated"]
[WhiteElo "1703"]
[BlackElo "1298"]
[Opening "Dutch defense, Rubinstein variation"]
[ECO "A40"]
[NIC "QO.17"]
[Time "10:05:23"]
[PlyCount "83"]
[TimeControl "3600+10"]

1. d4 e6 2. c4 f5 3. Nc3 Nf6 4. g3 d5 5. Bg2 c6 6. Nf3 Bb4 7. O-O O-O 8. a3
Ba5 9. b4 Bb6 10. Bf4 Nbd7 11. b5 cxb5 12. cxd5 Nxd5 13. Nxd5 exd5 14. Bg5
Nf6 15. Qb3 a6 16. Bxf6 Rxf6 17. Ng5 Rd6 18. Nh3 Be6 19. Nf4 Qd7 20. e3 Bf7
21. Rfc1 Rd8 22. Rc2 Rc6 23. Rac1 Bc7 24. Nd3 Bb6 25. Rxc6 bxc6 26. Ne5 Qe6
27. Rxc6 Rd6 28. Rxb6 Rxb6 29. Nxf7 Rc6 30. Bxd5 Rc1+ 31. Kg2 Qe7 32. Nh6+
Kh8 33. Nxf5 Qf8 34. Be4 Ra1 35. Qe6 Rxa3 36. Ne7 a5 37. Ng6+ hxg6 38. Qh3+
Kg8 39. Bd5+ Qf7 40. Qc8+ Kh7 41. Bxf7 b4 42. Qh3# { Black checkmated } 1-0

[Event "ICC tourney 2284 (60 10)"]
[Site "Internet Chess Club"]
[Date "2021.01.09"]
[Round "1"]
[White "ChessHawk8"]
[Black "al68067"]
[Result "1-0"]
[ICCResult "Black checkmated"]
[WhiteElo "1536"]
[BlackElo "1155"]
[Opening "Scandinavian (center counter) defense"]
[ECO "B01"]
[NIC "SD.01"]
[Time "10:05:36"]
[PlyCount "65"]
[TimeControl "3600+10"]

1. e4 d5 2. exd5 Qxd5 3. Nc3 Qa5 4. d4 c6 5. Nf3 Bg4 6. Be2 Nf6 7. O-O e6
8. Ne5 Bxe2 9. Qxe2 Qc7 10. Bf4 Qb6 11. Qd3 Nd5 12. Nxd5 cxd5 13. b3 Nc6
14. Nxc6 Qxc6 15. c4 Bd6 16. Bxd6 Qxd6 17. c5 Qf4 18. Qb5+ Kf8 19. Qxb7 Qb8
20. c6 g6 21. Rfe1 Qxb7 22. cxb7 Rb8 23. Rac1 Rxb7 24. Rc6 Kg7 25. g3 Rb4
26. Rc7 Kf6 27. Re3 Rxd4 28. Rf3+ Kg5 29. Rfxf7 Rd1+ 30. Kg2 h5 31. h4+ Kh6
32. Rxa7 Rd8 33. Rh7# { Black checkmated } 1-0

[Event "ICC tourney 2284 (60 10)"]
[Site "Internet Chess Club"]
[Date "2021.01.09"]
[Round "1"]
[White "SkyAngel"]
[Black "Aqualime"]
[Result "1-0"]
[ICCResult "Black resigns"]
[WhiteElo "2187"]
[BlackElo "1458"]
[Opening "Ruy Lopez: Caro variation"]
[ECO "C70"]
[NIC "RL.09"]
[Time "10:20:41"]
[PlyCount "73"]
[TimeControl "3600+10"]

1. e4 e5 2. Nf3 Nc6 3. Bb5 a6 4. Ba4 b5 5. Bb3 Nf6 6. O-O Be7 7. d3 d6 8.
a3 Na5 9. Ba2 c5 10. Nc3 O-O 11. Nd5 Bg4 12. h3 Bh5 13. b4 cxb4 14. axb4
Nc6 15. c3 Rc8 16. Be3 Rb8 17. Nxf6+ Bxf6 18. Bd5 Ne7 19. Rxa6 Nxd5 20.
exd5 e4 21. dxe4 Bxc3 22. Qb3 Bxf3 23. gxf3 Qf6 24. f4 Qg6+ 25. Kh2 Bf6 26.
f3 Rfd8 27. Qd3 Bh4 28. Rg1 Qf6 29. Qd2 Ra8 30. Rxa8 Rxa8 31. Bd4 Qh6 32.
Bxg7 Qxg7 33. Rxg7+ Kxg7 34. e5 dxe5 35. fxe5 Rd8 36. f4 Kf8 37. d6 { Black
resigns } 1-0

[Event "ICC tourney 2284 (60 10)"]
[Site "Internet Chess Club"]
[Date "2021.01.09"]
[Round "1"]
[White "Jagaram"]
[Black "elMo17"]
[Result "0-1"]
[ICCResult "White checkmated"]
[WhiteElo "1367"]
[BlackElo "1786"]
[Opening "French: Rubinstein variation"]
[ECO "C10"]
[NIC "FR.07"]
[Time "10:05:14"]
[PlyCount "108"]
[TimeControl "3600+10"]

1. e4 e6 2. d4 d5 3. Nc3 dxe4 4. Nxe4 Bd7 5. Bf4 Bc6 6. Nc3 Nf6 7. Nf3 Nbd7
8. Bc4 Bb4 9. Qd3 Be4 10. Qd1 Bxc3+ 11. bxc3 O-O 12. O-O Nd5 13. Bd2 Qf6
14. Ng5 Nxc3 15. Nxe4 Nxe4 16. Bb4 Rfd8 17. Qd3 Nd6 18. Bc3 Nxc4 19. Qxc4
Qf4 20. Qe2 Nb6 21. Rad1 Rd5 22. Rd3 Rad8 23. Rfd1 h6 24. h3 Nc8 25. Bb2
Ne7 26. c3 Nf5 27. Bc1 Qd6 28. Qg4 Qd7 29. Bf4 c5 30. Be5 cxd4 31. cxd4 Kf8
32. Kh1 f6 33. Bg3 Rxd4 34. Rxd4 Nxd4 35. f3 e5 36. Qxd7 Rxd7 37. Bf2 Ke7
38. Kg1 Nxf3+ 39. gxf3 Rxd1+ 40. Kg2 Rd2 41. Kg3 Rxa2 42. Bc5+ Kf7 43. f4
exf4+ 44. Kxf4 b6 45. Bd6 a5 46. h4 b5 47. Kg4 b4 48. Bf4 b3 49. Bc1 b2 50.
Bf4 b1=Q 51. h5 Qe4 52. Kg3 Rg2+ 53. Kh4 Qxf4+ 54. Kh3 Qg3# { White
checkmated } 0-1

[Event "ICC tourney 2284 (60 10)"]
[Site "Internet Chess Club"]
[Date "2021.01.09"]
[Round "1"]
[White "evilking"]
[Black "MahchessICC"]
[Result "0-1"]
[ICCResult "White checkmated"]
[WhiteElo "1784"]
[BlackElo "1351"]
[Opening "French: Winawer, advance variation"]
[ECO "C18"]
[NIC "FR.11"]
[Time "10:05:11"]
[PlyCount "50"]
[TimeControl "3600+10"]

1. e4 e6 2. d4 d5 3. Nc3 Bb4 4. e5 c5 5. a3 Bxc3+ 6. bxc3 cxd4 7. cxd4 Nc6
8. Qg4 Nge7 9. Qxg7 Rg8 10. Qxh7 Nxd4 11. Qd3 Nef5 12. Bb2 Qb6 13. Bc3 Bd7
14. Qd2 Rc8 15. g3 Nb5 16. Bxb5 Bxb5 17. Nf3 Rc4 18. O-O Rcg4 19. Rfb1 Nxg3
20. hxg3 Rxg3+ 21. Kh2 Rxf3 22. Bd4 Rf5 23. Qh6 Qxd4 24. Qh7 Qxf2+ 25. Kh3
Qg3# { White checkmated } 0-1

[Event "ICC tourney 2284 (60 10)"]
[Site "Internet Chess Club"]
[Date "2021.01.09"]
[Round "1"]
[White "tcrgm"]
[Black "ChocolateSwirl"]
[Result "1-0"]
[ICCResult "Black checkmated"]
[WhiteElo "1587"]
[BlackElo "1162"]
[Opening "Sicilian: Kan, 5.Nc3"]
[ECO "B43"]
[NIC "SI.41"]
[Time "10:05:25"]
[PlyCount "163"]
[TimeControl "3600+10"]

1. e4 c5 2. Nf3 e6 3. d4 cxd4 4. Nxd4 a6 5. Nc3 Qc7 6. Be2 Bb4 7. Bd2 Bxc3
8. Bxc3 e5 9. Nf3 Nc6 10. O-O Nf6 11. Bd3 O-O 12. Qd2 d6 13. h3 b5 14. b3
Bb7 15. Rfe1 Rac8 16. Bb2 Rfe8 17. c3 Ne7 18. Rac1 h6 19. c4 bxc4 20. Bxc4
Nc6 21. Bd5 Qd7 22. Nh4 Nxd5 23. Qxd5 Nb4 24. Qd2 Rxc1 25. Rxc1 a5 26. a3
Nc6 27. Nf5 Re6 28. Rd1 Ne7 29. Nxd6 Bc6 30. Nc4 Qxd2 31. Rxd2 Bxe4 32.
Nxe5 f6 33. Nc4 Nc6 34. Bc3 f5 35. Nxa5 Nxa5 36. Bxa5 Ra6 37. b4 Kh7 38. f3
Bc6 39. Rd6 Kg8 40. Kf2 Kf7 41. Ke3 Ke7 42. Rd3 Bb5 43. Rd5 Bc4 44. Rxf5
Ke6 45. Rc5 Bd5 46. Rb5 Bc6 47. Rb6 Rxb6 48. Bxb6 Bb5 49. Kd4 Kd6 50. g3 g5
51. Bc5+ Kc6 52. Bf8 h5 53. Be7 g4 54. hxg4 hxg4 55. fxg4 Kd7 56. Bf6 Be2
57. g5 Bh5 58. Kc5 Bg6 59. b5 Kc7 60. b6+ Kb7 61. a4 Kc8 62. a5 Kb7 63. a6+
Kxa6 64. Kc6 Be4+ 65. Kc7 Bb7 66. g6 Bd5 67. g7 Kb5 68. b7 Bxb7 69. g8=Q
Kc5 70. Qg5+ Kc4 71. Qf4+ Kb3 72. Qe3+ Kc2 73. Qc3+ Kd1 74. Qd3+ Ke1 75.
Bc3+ Kf2 76. Bd4+ Ke1 77. Qb1+ Ke2 78. Qxb7 Kd3 79. Qd5 Ke2 80. Qb3 Kf1 81.
Qf3+ Ke1 82. Bc3# { Black checkmated } 1-0

[Event "ICC tourney 2284 (60 10)"]
[Site "Internet Chess Club"]
[Date "2021.01.09"]
[Round "1"]
[White "bubblegum22"]
[Black "watermelon"]
[Result "1-0"]
[ICCResult "Black checkmated"]
[WhiteElo "1300"]
[BlackElo "1761"]
[Opening "Queen's pawn game"]
[ECO "D04"]
[NIC "QP.08"]
[Time "10:05:08"]
[PlyCount "101"]
[TimeControl "3600+10"]

1. d4 d5 2. Nf3 Nf6 3. e3 Bf5 4. b3 e6 5. a3 Bd6 6. Bb2 O-O 7. Be2 Nbd7 8.
O-O c6 9. Ne5 Qc7 10. f4 c5 11. c4 Rfd8 12. Rf3 Bxe5 13. fxe5 Ne4 14. cxd5
Ng5 15. Rf1 cxd4 16. d6 Qc6 17. exd4 Qe4 18. Nd2 Qc6 19. Rc1 Qd5 20. b4 b6
21. Bc4 Qb7 22. Bb5 Rac8 23. Qa4 Rxc1 24. Rxc1 Nf8 25. Rc7 Qb8 26. Bc6 f6
27. Rb7 Qc8 28. d7 Nxd7 29. Rxd7 Rxd7 30. Bxd7 Qc7 31. Nf3 Nxf3+ 32. gxf3
Qc4 33. Qxa7 h5 34. Qa8+ Kh7 35. Qc6 Qe2 36. Bxe6 Qe1+ 37. Kg2 Qe2+ 38. Kg3
h4+ 39. Kf4 Bg6 40. Qc1 Qxh2+ 41. Ke3 fxe5 42. dxe5 Qg3 43. Qf1 Qg5+ 44.
Ke2 Qf4 45. Qh3 Qg5 46. Qg4 Qd8 47. Bf5 Bxf5 48. Qxf5+ g6 49. Qf7+ Kh6 50.
Bc1+ Kh5 51. Qh7# { Black checkmated } 1-0

[Event "ICC tourney 2284 (60 10)"]
[Site "Internet Chess Club"]
[Date "2021.01.09"]
[Round "1"]
[White "saisneha"]
[Black "raawad"]
[Result "1-0"]
[ICCResult "Black resigns"]
[WhiteElo "1927"]
[BlackElo "1442"]
[Opening "King's Indian: 5.Nf3"]
[ECO "E90"]
[NIC "KI.20"]
[Time "10:05:14"]
[PlyCount "103"]
[TimeControl "3600+10"]

1. d4 d6 2. c4 Nf6 3. Nc3 g6 4. e4 Bg7 5. Nf3 O-O 6. h3 c5 7. d5 Nbd7 8.
Be2 Nb6 9. Be3 Nfd7 10. Qd2 Re8 11. h4 Nf6 12. Nh2 e6 13. g4 exd5 14. exd5
Ne4 15. Nxe4 Rxe4 16. Rc1 Qf6 17. Rc2 Bd7 18. h5 Na4 19. g5 Qe7 20. Bf3 Re5
21. h6 Bh8 22. Kd1 Bf5 23. Rc1 Qd7 24. b3 Nb6 25. Rg1 Rae8 26. Bg4 Bxg4+
27. Nxg4 Re4 28. f3 R4e7 29. Qd3 Rf8 30. Bd2 f5 31. gxf6 Bxf6 32. Nxf6+
Rxf6 33. Bg5 Ref7 34. Bxf6 Rxf6 35. Kc2 Qf7 36. Rg3 Rf4 37. Re1 Rd4 38. Qe3
Qf5+ 39. Kc1 Qf7 40. Qe8+ Qxe8 41. Rxe8+ Kf7 42. Rh8 Nd7 43. Rxh7+ Ke8 44.
Rxg6 Nf8 45. Rg8 Rf4 46. Rhh8 Rxf3 47. h7 Rf1+ 48. Kd2 Rf2+ 49. Ke3 Rf7 50.
Rxf8+ Ke7 51. Rxf7+ Kxf7 52. Rb8 { Black resigns } 1-0

[Event "ICC tourney 2284 (60 10)"]
[Site "Internet Chess Club"]
[Date "2021.01.09"]
[Round "2"]
[White "al68067"]
[Black "K624"]
[Result "1-0"]
[ICCResult "Black checkmated"]
[WhiteElo "1155"]
[BlackElo "1378"]
[Opening "King's Indian: London system"]
[ECO "A45"]
[NIC "QP.07"]
[Time "13:05:56"]
[PlyCount "79"]
[TimeControl "3600+10"]

1. d4 Nf6 2. Bf4 g6 3. Nf3 Bh6 4. Bxh6 d6 5. e3 Bg4 6. Bg7 Rg8 7. Bxf6 exf6
8. Be2 Nc6 9. c4 Qe7 10. Nc3 Be6 11. d5 Ne5 12. dxe6 Nxf3+ 13. Bxf3 fxe6
14. Bxb7 Rb8 15. Bc6+ Kd8 16. Qd2 Rb6 17. Bf3 f5 18. c5 Rb8 19. cxd6 cxd6
20. Rd1 Rb6 21. e4 Re8 22. O-O fxe4 23. Nxe4 d5 24. Qc3 Rf8 25. Rc1 Rb8 26.
Qa5+ Ke8 27. Ng3 Rf7 28. h3 Qb7 29. Rc2 Kf8 30. Rfc1 Kg8 31. Bg4 Rf6 32.
Qc7 Qb5 33. Qc6 Qb4 34. Bxe6+ Kh8 35. Qxd5 Qb6 36. Rc8+ Rxc8 37. Rxc8+ Kg7
38. Rg8+ Kh6 39. Qd2+ g5 40. Qxg5# { Black checkmated } 1-0

[Event "ICC tourney 2284 (60 10)"]
[Site "Internet Chess Club"]
[Date "2021.01.09"]
[Round "2"]
[White "SAHYmilana"]
[Black "EChessPlayer"]
[Result "1-0"]
[ICCResult "Black checkmated"]
[WhiteElo "1372"]
[BlackElo "1063"]
[Opening "English: Carls' Bremen system"]
[ECO "A22"]
[NIC "EO.10"]
[Time "13:05:39"]
[PlyCount "89"]
[TimeControl "3600+10"]

1. c4 e5 2. Nc3 Nf6 3. g3 Nc6 4. Bg2 Be7 5. e3 d6 6. Nge2 O-O 7. O-O Be6 8.
b3 d5 9. d4 Bd6 10. cxd5 exd4 11. exd4 Nxd4 12. Nxd4 Be5 13. Nde2 Bd7 14.
Bb2 Bg4 15. Qd2 c6 16. Rab1 cxd5 17. Nxd5 Bxb2 18. Rxb2 Nxd5 19. Qxd5 Qf6
20. Rc2 Rad8 21. Qxb7 Rd7 22. Qb4 Bf5 23. Rd2 Re7 24. Nf4 Qe5 25. Re2 Qb8
26. Qxb8 Rxb8 27. Rxe7 Kf8 28. Rxa7 g5 29. Ra8 Rxa8 30. Bxa8 gxf4 31. gxf4
Kg7 32. b4 Kf6 33. b5 Bd3 34. b6 Bxf1 35. Kxf1 Ke7 36. b7 f5 37. b8=Q h5
38. Qe5+ Kf7 39. Bd5+ Kg6 40. Qe6+ Kg7 41. Qf7+ Kh6 42. Qf6+ Kh7 43. Bf7 h4
44. Qg6+ Kh8 45. Qg8# { Black checkmated } 1-0

[Event "ICC tourney 2284 (60 10)"]
[Site "Internet Chess Club"]
[Date "2021.01.09"]
[Round "2"]
[White "raawad"]
[Black "SAHYMS-Subi"]
[Result "1-0"]
[ICCResult "Black checkmated"]
[WhiteElo "1442"]
[BlackElo "1156"]
[Opening "QGD: exchange, positional line"]
[ECO "D35"]
[NIC "QO.16"]
[Time "13:05:34"]
[PlyCount "43"]
[TimeControl "3600+10"]

1. d4 d5 2. c4 e6 3. Nc3 Nf6 4. cxd5 exd5 5. Bg5 Be7 6. e3 h6 7. Bh4 g5 8.
Bg3 Bf5 9. Bd3 Qd7 10. Nf3 Nc6 11. Nb5 O-O-O 12. Bxc7 Rde8 13. Bg3 a6 14.
Nc3 Bb4 15. Ne5 Nxe5 16. Bxe5 Qc6 17. Bxf5+ Kd8 18. O-O Rhg8 19. Rc1 Qb6
20. Na4 Qb5 21. Bxf6+ Be7 22. Rc8# { Black checkmated } 1-0

[Event "ICC tourney 2284 (60 10)"]
[Site "Internet Chess Club"]
[Date "2021.01.09"]
[Round "2"]
[White "greenme"]
[Black "saisneha"]
[Result "1-0"]
[ICCResult "Black resigns"]
[WhiteElo "1519"]
[BlackElo "1927"]
[Opening "Queen's pawn game, Rubinstein (Colle-Zukertort) variation"]
[ECO "D05"]
[NIC "QP.06"]
[Time "13:05:35"]
[PlyCount "35"]
[TimeControl "3600+10"]

1. d4 Nf6 2. Nf3 d5 3. e3 e6 4. Bd3 c5 5. b3 Be7 6. Bb2 Nc6 7. a3 O-O 8.
O-O b6 9. Nbd2 Bb7 10. Ne5 Qc7 11. f4 Nd7 12. Rf3 Bd6 13. Bxh7+ Kh8 14.
Nxd7 Qxd7 15. Rh3 cxd4 16. Bg6+ Kg8 17. Rh8+ Kxh8 18. Qh5+ { Black resigns
} 1-0

[Event "ICC tourney 2284 (60 10)"]
[Site "Internet Chess Club"]
[Date "2021.01.09"]
[Round "2"]
[White "madscience08"]
[Black "bubblegum22"]
[Result "0-1"]
[ICCResult "White resigns"]
[WhiteElo "1604"]
[BlackElo "1300"]
[Opening "Ruy Lopez: Graz variation"]
[ECO "C70"]
[NIC "RL.09"]
[Time "13:05:39"]
[PlyCount "64"]
[TimeControl "3600+10"]

1. e4 e5 2. Nf3 Nc6 3. Bb5 a6 4. Ba4 b5 5. Bb3 Bc5 6. O-O Nf6 7. d3 h6 8.
a4 Bb7 9. Be3 Be7 10. Nbd2 d6 11. Re1 O-O 12. h3 Re8 13. Nf1 d5 14. axb5
axb5 15. Rxa8 Bxa8 16. exd5 Nxd5 17. d4 Nxe3 18. fxe3 exd4 19. exd4 Bf6 20.
c3 Bb7 21. Ba2 b4 22. Qb3 Re7 23. d5 Ne5 24. Nxe5 Bxe5 25. Qxb4 Bh2+ 26.
Nxh2 Rxe1+ 27. Kf2 Ra1 28. Qb3 Qa8 29. d6 Rxa2 30. d7 Ra6 31. Qb4 Rd6 32.
Qb5 Bc6 { White resigns } 0-1

[Event "ICC tourney 2284 (60 10)"]
[Site "Internet Chess Club"]
[Date "2021.01.09"]
[Round "2"]
[White "watermelon"]
[Black "Jagaram"]
[Result "1-0"]
[ICCResult "Black checkmated"]
[WhiteElo "1761"]
[BlackElo "1367"]
[Opening "QGD: Chigorin defense"]
[ECO "D07"]
[NIC "QP.08"]
[Time "13:05:44"]
[PlyCount "45"]
[TimeControl "3600+10"]

1. d4 d5 2. c4 Nc6 3. Nc3 Nf6 4. cxd5 Nxd5 5. e4 Nf6 6. d5 Ne5 7. Bf4 Ng6
8. Bg3 Bd7 9. Nb5 e5 10. dxe6 Bxb5 11. exf7+ Kxf7 12. Qb3+ Ke8 13. Bxb5+ c6
14. Bc4 Qd7 15. Nf3 Nxe4 16. O-O Nf6 17. Rad1 Nd5 18. Rxd5 cxd5 19. Bb5
Qxb5 20. Qxb5+ Kd8 21. Qxd5+ Ke8 22. Ne5 Rd8 23. Qf7# { Black checkmated }
1-0

[Event "ICC tourney 2284 (60 10)"]
[Site "Internet Chess Club"]
[Date "2021.01.09"]
[Round "2"]
[White "ChocolateSwirl"]
[Black "HallieKopel"]
[Result "0-1"]
[ICCResult "White checkmated"]
[WhiteElo "1162"]
[BlackElo "1446"]
[Opening "Scandinavian defense"]
[ECO "B01"]
[NIC "SD.03"]
[Time "13:05:36"]
[PlyCount "110"]
[TimeControl "3600+10"]

1. e4 d5 2. exd5 Nf6 3. Nc3 Nxd5 4. Nxd5 Qxd5 5. Nf3 Nc6 6. b3 Bg4 7. Be2
e5 8. c4 Qe6 9. O-O Bd6 10. Bb2 O-O 11. Re1 Rfe8 12. d4 exd4 13. Bxd4 Qh6
14. g3 Qh3 15. Bf1 Qh5 16. Bg2 Nxd4 17. Rxe8+ Rxe8 18. Qxd4 Bxf3 19. Bxf3
Qxf3 20. Qh4 Bc5 21. Rf1 h6 22. Qf4 Qxf4 23. gxf4 Re4 24. f5 Rf4 25. Kg2
Rxf5 26. h3 Kf8 27. Kg3 Ke7 28. Re1+ Kd6 29. Rd1+ Kc6 30. Rf1 Kb6 31. Kg2
Ka5 32. Kg3 Kb4 33. h4 Ka3 34. f3 Kxa2 35. Kg2 Kxb3 36. Rb1+ Kxc4 37. Rc1+
Kb5 38. Rb1+ Kc6 39. Rf1 a5 40. Ra1 Bd4 41. Rc1+ Rc5 42. Re1 Bf6 43. Rf1 a4
44. Rf2 Ra5 45. Ra2 a3 46. Kf2 b5 47. Ke2 b4 48. Kd3 b3 49. Rd2 a2 50. Kc4
a1=Q 51. Kxb3 Qb1+ 52. Kc4 Qc1+ 53. Kd3 Rd5+ 54. Ke3 Qxd2+ 55. Ke4 Re5# {
White checkmated } 0-1

[Event "ICC tourney 2284 (60 10)"]
[Site "Internet Chess Club"]
[Date "2021.01.09"]
[Round "2"]
[White "Aqualime"]
[Black "avaosmond"]
[Result "0-1"]
[ICCResult "White checkmated"]
[WhiteElo "1458"]
[BlackElo "1258"]
[Opening "QGD: 4.Bg5"]
[ECO "D43"]
[NIC "QO.16"]
[Time "13:05:57"]
[PlyCount "54"]
[TimeControl "3600+10"]

1. d4 d5 2. c4 e6 3. Nc3 Nf6 4. Bg5 c6 5. Nf3 Bb4 6. Qc2 h6 7. Bh4 Nbd7 8.
e3 g5 9. Bg3 Ne4 10. Bd3 Ndf6 11. O-O Nxg3 12. fxg3 Bd6 13. Rf2 Ng4 14. Re2
f6 15. Bg6+ Kf8 16. h3 h5 17. hxg4 hxg4 18. Nh2 Bxg3 19. Nxg4 e5 20. Bf5
exd4 21. exd4 Qd6 22. Bxc8 Bh2+ 23. Kf1 Qf4+ 24. Rf2 Qxd4 25. Rxf6+ Ke7 26.
Qe2+ Kd8 27. Rf7 Qg1# { White checkmated } 0-1

[Event "ICC tourney 2284 (60 10)"]
[Site "Internet Chess Club"]
[Date "2021.01.09"]
[Round "2"]
[White "jebele123"]
[Black "SkyAngel"]
[Result "0-1"]
[ICCResult "White resigns"]
[WhiteElo "1559"]
[BlackElo "2187"]
[Opening "Caro-Kann: exchange variation"]
[ECO "B13"]
[NIC "CK.02"]
[Time "13:05:40"]
[PlyCount "98"]
[TimeControl "3600+10"]

1. e4 c6 2. d4 d5 3. exd5 cxd5 4. Nf3 Nc6 5. Nc3 Bg4 6. Be2 e6 7. Bf4 Bd6
8. Bxd6 Qxd6 9. O-O Nf6 10. h3 Bh5 11. Re1 O-O 12. Ne5 Bxe2 13. Rxe2 Rac8
14. Qd2 Qb4 15. Nxc6 Rxc6 16. Rb1 Rc4 17. Re3 Rxd4 18. Rd3 Rxd3 19. Qxd3
Rc8 20. a3 Qc5 21. Rc1 h6 22. Qe2 a6 23. Qd2 b5 24. Ne2 Ne4 25. Qd4 Qxd4
26. Nxd4 Nd6 27. b3 Kf8 28. f4 Ke7 29. Kf2 f6 30. g3 e5 31. Nf3 Ke6 32. h4
Ne4+ 33. Kg2 Rc3 34. Ne1 Rxg3+ 35. Kh2 Rc3 36. Ng2 d4 37. fxe5 fxe5 38. Ne1
a5 39. Nd3 Nc5 40. Nxc5+ Rxc5 41. Rd1 Rxc2+ 42. Kg1 Rc3 43. Rb1 d3 44. Kf2
d2 45. Rd1 Rxb3 46. Rxd2 Rxa3 47. Rb2 b4 48. Ke2 Rh3 49. Ra2 Rh2+ { White
resigns } 0-1

[Event "ICC tourney 2284 (60 10)"]
[Site "Internet Chess Club"]
[Date "2021.01.09"]
[Round "2"]
[White "IcePotato"]
[Black "evilking"]
[Result "0-1"]
[ICCResult "White checkmated"]
[WhiteElo "1298"]
[BlackElo "1784"]
[Opening "QGD: Charousek (Petrosian) variation"]
[ECO "D31"]
[NIC "QO.04"]
[Time "13:05:44"]
[PlyCount "82"]
[TimeControl "3600+10"]

1. d4 d5 2. c4 e6 3. Nc3 Be7 4. Bf4 Nf6 5. e3 O-O 6. Nf3 b6 7. Be2 dxc4 8.
Bxc4 Ba6 9. Bxa6 Nxa6 10. O-O c5 11. Qa4 Nb4 12. Rfd1 Qe8 13. Qxe8 Rfxe8
14. a3 Nbd5 15. Nxd5 Nxd5 16. Bg3 cxd4 17. Rxd4 Bf6 18. Be5 Rec8 19. h3 Rc2
20. e4 Bxe5 21. Nxe5 Nf6 22. Ng4 Nxg4 23. hxg4 Rxb2 24. a4 Rc8 25. a5 bxa5
26. Rxa5 g6 27. e5 Rc1+ 28. Kh2 Rxf2 29. Kg3 Rcc2 30. Rxa7 Rxg2+ 31. Kf3
Rgf2+ 32. Kg3 Rg2+ 33. Kf3 Rcf2+ 34. Ke3 Re2+ 35. Kf4 Rgf2+ 36. Kg3 Rf1 37.
g5 Kg7 38. Ra8 Rxe5 39. Kg4 Rg1+ 40. Kh4 Rexg5 41. Kh3 Rh1# { White
checkmated } 0-1